AoeStats
← [ICMW] DEMBA

Arabian Desert

508949081Analyzed
1v1 RM · 8d ago on Sep 24, 2026· 30m 33s· 2 players
Game mode
Random Map
Map size
Tiny (2 player)
Population
200
Speed
Normal
Resources
Standard
Victory
Conquest
Starting age
Dark Age
Ending age
Imperial Age
RankedLock teamsTeams togetherTeam positionsShared explorationLock speedFull tech treeHidden civsTurbo modeCheats
Victory
Defeat
🇳🇱 Byzantines · Netherlands
1173
+16
🇹🇷 Gurjaras · Türkiye
1174
-16
Raudius
5:53 Loom
9:01 Feudal Age
9:26 Man-at-Arms
16:31 Wheelbarrow
17:07 Double-Bit Axe
22:09 Castle Age
20:13 Stone Mining
23:37 Scale Barding Armor
26:46 Imperial Age
25:07 Gold Mining
28:15 Chain Barding Armor
[ICMW] DEMBA
9:43 Feudal Age
13:52 Horse Collar
13:58 Double-Bit Axe
16:24 Loom
19:17 Castle Age
23:50 Scale Mail Armor
24:00 Forging
24:45 Arson
27:09 Chain Mail Armor
29:13 Iron Casting
31:06 Ballistics
Connection lost

Rejoining the realm…

Still unreachable

The connection could not be restored.

Session expired

The server has moved on; the page needs a fresh start.